 Dungeon Crawl Stone Soup version 0.29-a0-118-g06d03a8 (webtiles) character file.

Game seed: 663027160170606003

985 bananamous the Conjurer (level 7, 56/56 HPs)
             Began as a Purple Draconian Conjurer on Sept 7, 2021.
             Got out of the dungeon alive.
             The game lasted 00:56:29 (10465 turns).

bananamous the Conjurer (DrCj)                     Turns: 10465, Time: 00:56:30

Health: 56/56      AC:  7    Str:  9    XL:     7   Next: 97%
Magic:  16/16      EV: 12    Int: 20    God:
Gold:   236        SH:  0    Dex: 10    Spells: 12/19 levels left

rFire   . . .      SeeInvis +   f - +2 dagger (flame)
rCold   . . .      Faith    .   (no shield)
rNeg    . . .      Spirit   .   (armour unavailable)
rPois   .          Reflect  .   (helmet restricted)
rElec   .          Harm     .   (no cloak)
rCorr   .          Rampage  .   (no gloves)
Will    +....                   l - +0 pair of boots
Stlth   ++........              (no amulet)
HPRegen 0.18/turn               b - ring of flight
MPRegen 0.15/turn               q - ring of see invisible

@: flying
A: breathe power, AC +6, unfitting armour, cold-blooded
a: Breathe Dispelling Energy


You escaped.
You visited 1 branch of the dungeon, and saw 6 of its levels.

You collected 260 gold pieces.
You spent 24 gold pieces at shops.

Inventory:

Hand Weapons
 f - a +2 dagger of flaming (weapon)
 h - a +0 whip
Missiles
 s - 3 throwing nets
Armour
 i - a +0 kite shield
 l - a +0 pair of boots (worn)
Jewellery
 b - a ring of flight (left hand)
 g - a ring of fire
 q - a ring of see invisible (right hand)
Wands
 k - a wand of iceblast (8)
 u - a wand of digging (3)
Scrolls
 d - a scroll of vulnerability {unknown}
 e - a scroll of silence
 m - a scroll of fear
 p - 2 scrolls of identify
Potions
 a - a potion of heal wounds
 c - a potion of might
 j - a potion of curing
 n - a potion of lignification
 o - 2 potions of flight
 t - a potion of mutation {unknown}


   Skills:
 - Level 2.8 Fighting
 - Level 1.7 Dodging
 - Level 1.9 Stealth
 - Level 6.5 Spellcasting
 + Level 6.8 Conjurations
 + Level 3.9 Hexes


You had 12 spell levels left.
You knew the following spells:

 Your Spells              Type           Power      Damage    Failure   Level
a - Magic Dart            Conj           100%       1d8       1%          1
b - Searing Ray           Conj           66%        2d6       1%          2
c - Fulminant Prism       Conj/Hex       13%        3d9       11%         4

Your spell library contained the following spells:

 Spells                   Type           Power      Damage    Failure   Level
 Slow                     Hex            88%        N/A       1%          1
 Dazzling Flash           Conj/Hex       54%        N/A       3%          3
 Confusing Touch          Hex            22%        N/A       6%          3
 Mephitic Cloud           Conj/Pois/Air  15%        N/A       12%         3
 Call Imp                 Summ           6%         N/A       16%         2
 Iskenderun's Mystic Bla  Conj/Tloc      20%        2d6       24%         4
 Ozocubu's Armour         Ice            6%         N/A       30%         3
 Vampiric Draining        Necr           6%         2d6       30%         3
 Lee's Rapid Deconstruct  Erth           3%         3d6*      95%         5
 Ozocubu's Refrigeration  Ice            3%         4d5       100%        7


Dungeon Overview and Level Annotations

Branches:
Dungeon (6/15)
 Temple: D:4-7

Altars:
Makhleb
Trog
Vehumet

Shops:
D:4 ?


Innate Abilities, Weirdness & Mutations

You can breathe bolts of dispelling energy.
Your rich purple scales are hard. (AC +6)
You cannot fit into any form of body armour.
You are cold-blooded and may be slowed by cold attacks.


Message History

The vampire mosquito bites you.
The vampire mosquito draws strength from your injuries!
The vampire mosquito bites you!
* * * LOW HITPOINT WARNING * * *
The vampire mosquito draws strength from your injuries!
You feel much better. The vampire mosquito bites you.
The vampire mosquito draws strength from your injuries!
The vampire mosquito closely misses you. x2
The vampire mosquito bites you but does no damage.
The vampire mosquito barely misses you.
The vampire mosquito bites you but does no damage.
Unknown command.
Your surroundings suddenly seem different.
(D) Dungeon
Where to? (Enter - D:6, ? - help)
There is a stone staircase leading up, spattered with blood here.
You fly upwards.
There is a stone staircase leading down, spattered with blood here.
You start resting.
HP restored.
Welcome back, bananamous the Purple Draconian Conjurer.
Press ? for a list of commands and other information.
(D) Dungeon
Where to? (? - help)
What level of the Dungeon? (default 1, ? - help)
You see here a +0 short sword.
There is a stone staircase leading up here.
You fly upwards.
There is a stone staircase leading down here.
There is a stone staircase leading up here.
You fly upwards.
There is a stone staircase leading down here.
There is a stone staircase leading up, spattered with blood here.
You fly upwards.
There is a stone staircase leading down here.
You see here a +1 leather armour of cold resistance.
There is a dry fountain here.
There is a staircase leading out of the dungeon here.
Are you sure you want to leave the Dungeon?
This will make you lose the game!
You have escaped!

### ##@#
##..#
#...##
##....#
#(....##
#......#
##......#
#.......##
###
##........#


There were no monsters in sight!

Vanquished Creatures
  Sigmund (D:2)
  An ice beast (D:6)
  3 scorpions
  A water moccasin zombie (D:5)
  A bullfrog zombie (D:5)
  2 bullfrog skeletons (D:5)
  An iguana (D:5)
  3 orc wizards
  Terence (D:1)
  A hound skeleton (D:4)
  A howler monkey zombie (D:5)
  9 adders
  8 gnolls
  3 dart slugs
  9 orcs
  13 ball pythons
  6 endoplasms
  3 giant cockroaches
  9 goblins
  10 hobgoblins
  4 jackals (D:5)
  2 quokkas
  5 bats
  3 frilled lizards
  9 kobolds
  A quokka skeleton (D:3)
  8 rats
118 creatures vanquished.

Vanquished Creatures (others)
  3 plants (D:3)
3 creatures vanquished.

Grand Total: 121 creatures vanquished

Notes
Turn   | Place    | Note
-------+----------+-------------------------------------------
     0 | D:1      | bananamous the Draconian Conjurer began the quest for the
                  | Orb.
     0 | D:1      | Reached XP level 1. HP: 14/14 MP: 3/3
   462 | D:1      | Reached XP level 2. HP: 20/20 MP: 1/5
  1404 | D:1      | Learned a level 2 spell: Searing Ray
  1445 | D:2      | Found a faded altar of an unknown god.
  1458 | D:2      | Reached XP level 3. HP: 25/26 MP: 3/7
  1612 | D:2      | Noticed Terence
  2488 | D:2      | Noticed Sigmund
  2982 | D:2      | Reached skill level 1 in Fighting
  3906 | D:3      | Reached XP level 4. HP: 36/36 MP: 2/9
  5209 | D:1      | Killed Terence
  5490 | D:4      | Found Quuxzosh's Magic Scroll Shop.
  5573 | D:4      | Bought a scroll of identify for 24 gold pieces
  5970 | D:2      | Reached XP level 5. HP: 41/44 MP: 5/10
  7020 | D:4      | Found a radiant altar of Vehumet.
  7145 | D:4      | Reached skill level 5 in Spellcasting
  7145 | D:4      | Reached XP level 6. HP: 50/50 MP: 3/13
  8134 | D:5      | Entered Level 5 of the Dungeon
  8486 | D:5      | Reached skill level 5 in Conjurations
  8650 | D:5      | Your scales start taking on a rich purple colour.
  8650 | D:5      | Reached XP level 7. HP: 48/56 MP: 5/16
  8726 | D:5      | Learned a level 4 spell: Fulminant Prism
  8782 | D:5      | Reached skill level 1 in Hexes
  9296 | D:5      | Found a bloodstained altar of Trog.
  9550 | D:5      | Found a burning altar of Makhleb.
  9625 | D:2      | Killed Sigmund
 10025 | D:6      | Noticed a vampire mosquito
 10025 | D:6      | Noticed a vampire mosquito
 10195 | D:6      | Noticed a hornet
 10197 | D:6      | Noticed a vampire mosquito
 10198 | D:6      | Noticed a vampire mosquito
 10326 | D:4      | Upgraded the game from 0.28-a0-413-gde365fb to
                  | 0.29-a0-118-g06d03a8
 10465 | D:$      | Got out of the dungeon alive.

Illustrated notes

Levels and vault maps discovered:
D:1:      eino_arrival_cavern_a, layout_loops_ring,
          wander_ebering_terrifying_dragon_lair
D:2:      layout_basic, hellmonk_ecumenical_altar_pennies_from_heaven,
          uniq_terence, uniq_sigmund
D:3:      minmay_inner_zag, layout_loops_ring, serial_forest,
          infiniplex_forest_lined_room_2, infiniplex_forest_clump_curved,
          infiniplex_forest_diagonal, infiniplex_forest_zigzag_1,
          infiniplex_forest_lined_room_2, infiniplex_forest_clump_medium,
          infiniplex_forest_clump_cross, infiniplex_forest_clump_double,
          dk_noncrumbling_4
D:4:      layout_layer_cave, nicolae_vehumet_radiance, serial_shops,
          nicolae_shop_competitors_out_of_business
D:5:      layout_cave_pools, trog_hazing_becter, kennysheep_mini_moat,
          minmay_misc_feat_four_crosses
D:6:      layout_rooms

Skill      XL: |  1  2  3  4  5  6  7 |
---------------+----------------------+-----
Spellcasting   | 3 5 6 |  6.5
Fighting       | 1 2 |  2.8
Conjurations   | 5 6 |  6.8
Hexes          | 3 |  3.9
Dodging        | |  1.7
Stealth        | |  1.9

Action                   |  1- 3 |  4- 6 |  7- 9 || total
-------------------------+-------+-------+-------++-------
Melee: Unarmed           |    32 |       |       ||    32
       Tailslap          |     3 |     1 |       ||     4
       Whip              |     1 |     5 |       ||     6
       Dagger            |       |     1 |     5 ||     6
 Cast: Magic Dart        |   138 |   182 |    79 ||   399
       Searing Ray       |     3 |     4 |     7 ||    14
 Abil: Breathe Dispellin |       |       |     2 ||     2
  Use: Potion            |     1 |       |     1 ||     2
       Scroll            |       |    13 |     1 ||    14
 Stab: Sleeping          |     1 |       |       ||     1
Armor: Skin              |    16 |    17 |    14 ||    47
Dodge: Dodged            |    45 |    43 |    32 ||   120

Table legend: (Time is in decaauts)
 A = Elapsed time spent in this place.
 B = Non-inter-level travel time spent in this place.
 C = Inter-level travel time spent in this place.
 D = Time resting spent in this place.
 E = Time spent auto-exploring this place.
 F = Levels seen in this place.
 G = Mean time per level.
                   A        B        C        D        E       F      G
               +--------+--------+--------+--------+--------+-----+--------+
         Total |  10495 |   9757 |    738 |   3827 |   4173 |   6 | 1749.2 |
       Dungeon |  10495 |   9757 |    738 |   3827 |   4173 |   6 | 1749.2 |
               +--------+--------+--------+--------+--------+-----+--------+

Top non-repeatable levels by time:
     D:1: 3151 daAuts
     D:3: 2226 daAuts
     D:4: 2029 daAuts
     D:2: 1416 daAuts
     D:5: 1284 daAuts
     D:6: 387 daAuts
